 Dungeon Crawl Stone Soup version 0.31-a0-986-g5e6e4ef867 (webtiles) character file.

Game seed: 17052265338737847651

334 LeprechaunX the Changeling (level 6, 0/42 HPs)
             Began as an Octopode Shapeshifter on Nov 21, 2023.
             Hit by a boomerang thrown by an orc (4 damage)
             ... on level 3 of the Dungeon.
             The game lasted 00:01:55 (1921 turns).

LeprechaunX the Changeling (Octopode Shapeshifter)  Turns: 1921, Time: 00:01:55

Health: 0/42       AC:  1    Str: 13    XL:     6   Next: 53%
Magic:  6/6        EV: 13    Int: 13    God:
Gold:   131        SH:  0    Dex: 13    Spells: 5/5 levels left

rFire   . . .        i - +0 demon whip
rCold   . . .        (no shield)
rNeg    . . .        (helmet currently unavailable)
rPois   .            (no amulet)
rElec   .            r - ring of willpower
rCorr   .            (no ring)
SInv    .            (no ring)
Will    +....        (no ring)
Stlth   ++           (no ring)
HPRegen 0.27/turn    (no ring)
MPRegen 0.10/turn    (no ring)
                     (no ring)

%: no passive effects
@: beast-form
A: beast (slay +2), almost no armour, amphibious, 8 rings, camouflage 1,
gelatinous body 1, (nimble swimmer 1), tentacles
a: Begin Untransformation


You were on level 3 of the Dungeon.
You were a hulking beast.
You visited 1 branch of the dungeon, and saw 3 of its levels.

You collected 131 gold pieces.

Inventory:

Hand Weapons
 i - a +0 demon whip (weapon)
Jewellery
 r - a ring of willpower (left tentacle)
Talismans
 b - a beast talisman
 c - a flux talisman
 j - a serpent talisman
Scrolls
 e - a scroll of fog {unknown}
 f - a scroll of enchant armour {unknown}
 g - 2 scrolls of identify {unknown}
 h - a scroll of amnesia {unknown}
 k - a scroll of immolation {unknown}
 l - a scroll of teleportation {unknown}
 m - a scroll of blinking {unknown}
 s - a scroll of brand weapon {unknown}
Potions
 a - 2 potions of lignification
 d - 2 potions of attraction {unknown}
 n - 2 potions of enlightenment {unknown}
 o - a potion of ambrosia {unknown}
 p - a potion of haste {unknown}
 q - 2 potions of mutation {unknown}


   Skills:
 + Level 3.2 Fighting
 - Level 2.0 Dodging
 + Level 4.3 Unarmed Combat
 * Level 5.1 Shapeshifting


You had 5 spell levels left.
You didn't know any spells.
Your spell library contained the following spells:

 Spells                   Type           Power      Damage    Failure   Level
 Magic Dart               Conj           0%         1d3       30%         1
 Sandblast                Erth           0%         2d4       30%         1
 Summon Small Mammal      Summ           0%         N/A       30%         1
 Passwall                 Tmut/Erth      0%         N/A       43%         2
 Searing Ray              Conj           0%         2d4       43%         2
 Call Canine Familiar     Summ           0%         N/A       67%         3
 Inner Flame              Hex/Fire       0%         N/A       67%         3
 Stone Arrow              Conj/Erth      0%         3d7       67%         3
 Summon Guardian Golem    Hex/Summ       0%         N/A       67%         3
 Brom's Barrelling Bould  Conj/Erth      0%         2d3       97%         4
 Fulminant Prism          Conj/Hex       0%         3d5       97%         4


Dungeon Overview and Level Annotations

Branches:
Dungeon (3/15)

Altars:


Innate Abilities, Weirdness & Mutations

You are a hulking beast.
Your limbs bulge with bestial killing power. (Slay +2)
You cannot wear most types of armour.
You are amphibious.
You can wear up to eight rings at the same time.
Your skin changes colour to match your surroundings (Stealth+).
Your rubbery body absorbs attacks. (AC +1, EV +1)
((You are camouflaged when in or above water. (Stealth+)))
You have tentacles for arms and can constrict up to eight enemies at once.


Message History

Sigmund is severely wounded.
You constrict Sigmund.
The orc hits you from afar with a +0 trident.
You hit Sigmund. You squeeze Sigmund.
Sigmund is almost dead.
You constrict Sigmund.
You kill Sigmund!
The orc hits you from afar with a +0 trident.
An orc priest comes into view. It is wielding a +0 trident.
The goblin shoots a sling bullet.
The sling bullet closely misses you.
Your Fighting skill increases to level 3!
Your Unarmed Combat skill increases to level 4!
Your Shapeshifting skill increases to level 5!
You have reached level 6!
Unknown command.
The orc attacks as it pursues you! The orc misses you.
The orc priest calls down the wrath of Beogh upon you.
Beogh smites you!
The orc priest hits you from afar with a +0 trident.
The goblin shoots a sling bullet.
The sling bullet misses you. The orc priest closely misses you.
The orc throws a boomerang.
The boomerang hits you but does no damage.
The goblin shoots a sling bullet.
The sling bullet hits you.
* * * LOW HITPOINT WARNING * * *
Things that are here:
a +0 falchion; a +0 chain mail; an orc skeleton You barely miss the orc priest.
Your grab misses the orc priest.
Your tentacle-slap misses the orc priest.
You squeeze the orc priest!
The orc priest is heavily wounded.
The orc priest barely misses you.
The orc throws a boomerang.
The boomerang hits you.
* * * LOW HITPOINT WARNING * * *
The goblin shoots a sling bullet.
The sling bullet misses you.
You hit the orc priest but do no damage.
Your grab misses the orc priest.
The orc priest is heavily wounded.
The orc priest barely misses you.
The orc throws a boomerang.
The boomerang hits you.
You die...

.##.##....# #...................
.##......r####.#########.........
.#####......##.#.. ........#####
.# ######.##.#.# ..#####.###.. .#
#.##.#.##...####......# .
#.##...o)...'.....#####
#...##.##g..#.#####
###...........# ####h###..###
......o.>...... ##########..####
.# #


You could see an orc priest, an orc and a goblin.

Vanquished Creatures
  Sigmund (D:3)
  An orc priest (D:3)
  Jessica (D:2)
  Ijyb (D:3)
  An orc wizard (D:3)
  An adder (D:2)
  A dart slug (D:1)
  2 orcs (D:3)
  2 ball pythons
  3 endoplasms
  2 giant cockroaches
  2 goblins (D:1)
  6 hobgoblins (D:1)
  4 jackals (D:1)
  3 kobolds
  2 quokkas (D:1)
  4 bats
  6 frilled lizards
  6 rats
49 creatures vanquished.

Notes
Turn   | Place    | Note
-------+----------+-------------------------------------------
     0 | D:1      | LeprechaunX the Octopode Shapeshifter began the quest for
                  | the Orb.
     0 | D:1      | Reached XP level 1. HP: 13/13 MP: 1/1
    63 | D:1      | Reached XP level 2. HP: 13/18 MP: 2/2
   330 | D:1      | Reached XP level 3. HP: 23/23 MP: 3/3
   700 | D:2      | Identified the "Beon Vau"
  1008 | D:2      | Noticed Jessica
  1014 | D:2      | Killed Jessica
  1015 | D:2      | Reached skill level 4 in Shapeshifting
  1015 | D:2      | Reached XP level 4. HP: 28/29 MP: 4/4
  1582 | D:3      | Noticed Sigmund
  1659 | D:3      | Reached XP level 5. HP: 35/35 MP: 5/5
  1676 | D:3      | Noticed Ijyb
  1683 | D:3      | Killed Ijyb
  1916 | D:3      | Killed Sigmund
  1917 | D:3      | Reached skill level 5 in Shapeshifting
  1917 | D:3      | Reached XP level 6. HP: 29/42 MP: 6/6
  1921 | D:3      | Hit by a boomerang thrown by an orc

Illustrated notes

Levels and vault maps discovered:
D:1:      spicycebolla_green_bress_n_ham_2, layout_basic
D:2:      layout_loops_ring, uniq_jessica
D:3:      layout_basic, trog_hazing_becter, uniq_terence, uniq_sigmund,
          uniq_ijyb

Skill      XL: |  1  2  3  4  5 |
---------------+----------------+-----
Fighting       | 2 3 |  3.2
Shapeshifting  | 4 5 |  5.1
Unarmed Combat | 4 |  4.3
Dodging        | |  2.0

Action                     |  1- 3 |  4- 6 || total
---------------------------+-------+-------++-------
  Melee: Unarmed           |    54 |       ||    54
         Tentacles         |    23 |     8 ||    31
         Constrict         |    19 |     7 ||    26
         Demon whip        |    13 |    25 ||    38
   Stab: Sleeping          |     9 |     2 ||    11
 Armour: Skin              |    16 |    14 ||    30
  Dodge: Dodged            |    33 |    22 ||    55

Table legend: (Time is in decaauts)
 A = Elapsed time spent in this place.
 B = Non-inter-level travel time spent in this place.
 C = Inter-level travel time spent in this place.
 D = Time resting spent in this place.
 E = Time spent auto-exploring this place.
 F = Levels seen in this place.
 G = Mean time per level.
                   A        B        C        D        E       F      G
               +--------+--------+--------+--------+--------+-----+--------+
         Total |   1920 |   1849 |     71 |      0 |   1540 |   3 |  640.0 |
       Dungeon |   1920 |   1849 |     71 |      0 |   1540 |   3 |  640.0 |
               +--------+--------+--------+--------+--------+-----+--------+

Top non-repeatable levels by time:
     D:2: 735 daAuts
     D:1: 697 daAuts
     D:3: 487 daAuts
